 Dungeon Crawl Stone Soup version 0.26-a0-20-g5f92b90 (webtiles) character file.

Game seed: 15691689980282450734, levelgen mode: deterministic

772 BlueFish the Ruffian (level 7, -4/46 HPs)
             Began as an Octopode Warper on May 25, 2020.
             Was an Initiate of Cheibriados.
             Slain by Menkaure (23 damage)
             ... on level 4 of the Dungeon.
             The game lasted 00:17:56 (4977 turns).

BlueFish the Ruffian (Octopode Warper)              Turns: 4977, Time: 00:17:56

Health: -4/46      AC:  1    Str: 14    XL:     7   Next: 83%
Magic:  5/11       EV: 14    Int: 16    God:    Cheibriados [......]
Gold:   176        SH:  0    Dex: 12    Spells: 4/11 levels left

rFire    . . .     SeeInvis +     - Unarmed
rCold    . . .     Gourm    .   (no shield)
rNeg     . . .     Faith    .   (helmet restricted)
rPois    .         Spirit   .   (no amulet)
rElec    .         Reflect  .   h - ring of see invisible
rCorr    .         Harm     .   (no ring)
MR       .....                  (no ring)
Stlth    ++++......             (no ring)
HPRegen  0.15/turn              (no ring)
MPRegen  0.12/turn              (no ring)
                                (no ring)
                                (no ring)

@: shrouded, very slow
A: almost no armour, stealthy swim, amphibious, 8 rings, constrict 8, camouflage
1, gelatinous body 1
a: Bend Time, Renounce Religion


You were on level 4 of the Dungeon.
You worshipped Cheibriados.
Cheibriados was noncommittal.
You were not hungry.

You visited 2 branches of the dungeon, and saw 5 of its levels.
You also visited: Sewer.

You collected 176 gold pieces.

Inventory:

Missiles
 c - 3 boomerangs of dispersal (quivered)
 l - 169 stones
 o - 40 arrows
Jewellery
 h - a ring of see invisible (left tentacle)
Wands
 j - a wand of random effects (14)
Scrolls
 a - 3 scrolls of teleportation
 b - 2 scrolls of blinking
 g - a scroll of amnesia {unknown}
 r - a scroll of enchant armour {unknown}
 t - a scroll of random uselessness {unknown}
Potions
 e - a potion of resistance
 i - 2 potions of flight
 k - a potion of lignification {unknown}
 m - 2 potions of brilliance
 n - 2 potions of curing
 p - a potion of might {unknown}
 q - a potion of invisibility {unknown}
 u - 2 potions of stabbing {unknown}
Comestibles
 d - 8 rations
 s - 2 chunks of flesh


   Skills:
 * Level 3.3 Fighting
 * Level 3.0 Throwing
 * Level 4.0 Dodging
 * Level 4.2 Stealth
 * Level 4.6 Unarmed Combat
 + Level 2.8 Spellcasting
 + Level 1.4 Charms
 * Level 3.6 Translocations
 * Level 0.4 Invocations


You had 4 spell levels left.
You knew the following spells:

 Your Spells              Type           Power        Failure   Level  Hunger
a - Shroud of Golubria    Chrm/Tloc      ##....       10%         2    ##.....
b - Blink                 Tloc           N/A          6%          2    ##.....
c - Lesser Beckoning      Tloc           ##........   13%         3    ###....

Your spell library contained the following spells:

 Spells                   Type           Power        Failure   Level  Hunger
 Gell's Gravitas          Tloc           ##........   13%         3    ###....
 Teleport Other           Tloc           ##......     13%         3    ###....
 Passage of Golubria      Tloc           N/A          38%         4    #####..


Dungeon Overview and Level Annotations

Branches:
Dungeon (4/15)             Temple (1/1) D:4           Sewer (visited)

Altars:
Ashenzari
Cheibriados
Gozag
Hepliaklqana
Makhleb
Nemelex Xobeh
Okawaru
Qazlal
Ru
Sif Muna
Trog
Uskayaw
Zin
The Shining One

Annotations:
D:4 Menkaure, Pikel


Innate Abilities, Weirdness & Mutations

You cannot wear most types of armour.
You are very stealthy in the water. (Stealth+)
You are amphibious.
You can wear up to eight rings at the same time.
You can use your tentacles to constrict eight enemies at once.
Your skin changes colour to match your surroundings (Stealth+).
Your rubbery body absorbs attacks. (AC +1, EV +1)


Message History

Aiming: Lesser Beckoning (dangerous; 13% risk of failure)
Press: ? - help, Shift-Dir - straight line, f - Menkaure
Aim: Menkaure (fast) Menkaure hurls suddenly forward!
Menkaure barely misses you.
You tentacle-slap Menkaure but do no damage.
Your grab misses Menkaure.
Your tentacle-slap misses Menkaure.
Menkaure hits you!
Okay, then.
You tentacle-slap Menkaure but do no damage.
Your grab misses Menkaure. Menkaure barely misses you.
You tentacle-slap Menkaure. Your grab misses Menkaure. You squeeze Menkaure!
Menkaure is heavily damaged.
Menkaure hits you!!
Your shroud falls apart!
Casting: Lesser Beckoning (dangerous; 13% risk of failure)
Confirm with . or Enter, or press ? or * to list all spells.
Space distorts slightly along a thin shroud covering your body.
Menkaure hits you!!
Ouch! That really hurt!
You die...

## .## ..## ...# ...# ##
...####### #.## ..##<....#
#.%# .#######.# #..## ..
##.......# ##.@# .
.........### #.M# .
...........#####... .#
#.###.####.......#. ##.##
#.# #..# ##.###..........
#.####.####.##...###.#.####
...................รท.......
..#######.##..##.##...#####
..# #.....##........#


You could see Menkaure (fast).

Vanquished Creatures
  Grinder (D:3)
  Blork the orc (D:4)
  2 bullfrogs (Sewer)
  A hound (D:4)
  Terence (D:3)
  Ijyb (D:4)
  A worker ant (D:4)
  3 gnolls (D:2)
  6 adders
  12 oozes (Sewer)
  3 worms
  2 dart slugs
  17 leopard geckos
  4 orcs (D:3)
  10 bats
  8 giant cockroaches
  6 goblins
  5 hobgoblins
  3 jackals (D:2)
  8 kobolds
  A quokka (D:2)
  14 ball pythons
  18 frilled lizards
  A quokka skeleton (D:4)
  6 rats
135 creatures vanquished.

Notes
Turn   | Place    | Note
-------+----------+-------------------------------------------
     0 | D:1      | BlueFish the Octopode Warper began the quest for the Orb.
     0 | D:1      | Reached XP level 1. HP: 14/14 MP: 3/3
   364 | D:1      | Reached XP level 2. HP: 3/19 MP: 5/5
   368 | D:1      | Learned a level 2 spell: Shroud of Golubria
   371 | D:1      | Learned a level 2 spell: Blink
   916 | D:1      | Reached XP level 3. HP: 23/24 MP: 6/6
  1094 | D:2      | Reached skill level 1 in Stealth
  1119 | D:2      | Found a burning altar of Makhleb.
  1432 | D:2      | Reached XP level 4. HP: 28/29 MP: 5/7
  1440 | D:2      | Learned a level 3 spell: Lesser Beckoning
  1767 | D:2      | Found a bloodstained altar of Trog.
  1905 | D:3      | Noticed Terence
  1942 | D:3      | Killed Terence
  1942 | D:3      | Reached XP level 5. HP: 34/35 MP: 5/8
  1943 | D:3      | Noticed Grinder
  2273 | D:3      | Found a glowing drain.
  2284 | Sewer    | Entered a sewer
  3000 | Sewer    | Reached XP level 6. HP: 12/41 MP: 0/9
  3368 | Sewer    | Reached skill level 1 in Charms
  3842 | D:3      | Found a shimmering blue altar of Sif Muna.
  3918 | D:3      | Found an iron altar of Okawaru.
  3934 | D:3      | Paralysed by Grinder for 4 turns
  4248 | D:3      | Killed Grinder
  4248 | D:3      | Reached XP level 7. HP: 43/46 MP: 5/11
  4593 | D:4      | Noticed Ijyb
  4604 | D:4      | Killed Ijyb
  4646 | D:4      | Found a staircase to the Ecumenical Temple.
  4655 | Temple   | Entered the Ecumenical Temple
  4662 | Temple   | Became a worshipper of Cheibriados the Contemplative
  4685 | D:4      | Noticed Blork the orc
  4697 | D:4      | Killed Blork the orc
  4850 | D:4      | Found a hide-covered altar of Uskayaw.
  4925 | D:4      | Noticed Pikel
  4968 | D:4      | Noticed Menkaure
  4977 | D:4      | Slain by Menkaure

Illustrated notes

Levels and vault maps discovered:
D:1:      ncdulo_watergridlock, layout_loops_ring, serial_bayou_pond_d,
          minmay_fountain_box
D:2:      layout_loops_cross, lemuel_doored_altar, bloody_makhleb, first_ration
D:3:      layout_basic, old_standard_altar, cheibrodos_sewer_entry_bend,
          okawaru_ov_weapons_minmay, uniq_terence, uniq_grinder
D:4:      layout_rooms, lemuel_round_altar, minmay_temple_entry_gardened_gates,
          uniq_blork_the_orc, uniq_pikel, uniq_menkaure, uniq_ijyb
Temple:   nicolae_temple_x_marks_the_god

Skill      XL: |  1  2  3  4  5  6  7 |
---------------+----------------------+-----
Stealth        | 1 2 3 4 |  4.2
Dodging        | 3 4 |  4.0
Unarmed Combat | 3 4 |  4.6
Throwing       | 2 3 |  3.0
Charms         | 1 |  1.4
Fighting       | 3 |  3.3
Spellcasting   | |  2.8
Translocations | |  3.6
Invocations    | |  0.4

Action                   |  1- 3 |  4- 6 |  7- 9 || total
-------------------------+-------+-------+-------++-------
Melee: Unarmed           |    80 |   238 |    35 ||   353
       Constrict         |    23 |    48 |     8 ||    79
       Punch             |     3 |     4 |     2 ||     9
       Tentacles         |    14 |    45 |     7 ||    66
Throw: Stone             |       |     7 |       ||     7
       Boomerang         |       |     2 |       ||     2
 Cast: Shroud of Golubri |     7 |    32 |    11 ||    50
       Blink             |       |     2 |       ||     2
       Lesser Beckoning  |       |       |     1 ||     1
  Use: Scroll            |     3 |     3 |     4 ||    10
       Potion            |       |     1 |       ||     1
 Stab: Sleeping          |    10 |    15 |     4 ||    29
  Eat: Chunk             |     2 |    12 |     3 ||    17
Armor: Skin              |     5 |    15 |       ||    20
Dodge: Dodged            |    47 |   173 |    13 ||   233

Table legend:
 A = Non-vault XP
 B = Vault XP
 C = Vault XP percentage of total XP
 D = Non-vault monster count
 E = Vault monster count
 F = Vault count percentage of total count
                 A         B        C        D         E       F
            +---------+---------+-------+---------+---------+-------
      Total |     270 |     833 |  75.5 |      68 |      67 |  49.6
            +---------+---------+-------+---------+---------+-------
        D:1 |      36 |       0 |   0.0 |      19 |       0 |   0.0
        D:2 |     107 |       0 |   0.0 |      33 |       0 |   0.0
        D:3 |      22 |     303 |  93.2 |       9 |       3 |  25.0
        D:4 |     105 |     131 |  55.5 |       7 |       2 |  22.2
      Sewer |       0 |     399 | 100.0 |       0 |      62 | 100.0
            +---------+---------+-------+---------+---------+-------
